 Dungeon Crawl Stone Soup version 0.30-a0-1157-g2cc9ac7196 (webtiles) character file.

Game seed: 3896904199302715807

58 Zeldest the Trooper (level 4, -1/46 HPs)
             Began as an Ogre Warper on Apr 24, 2023.
             Slain by Terence
             ... wielding a +0 flail
              (11 damage)
             ... on level 3 of the Dungeon.
             The game lasted 00:02:14 (2136 turns).

Zeldest the Trooper (Ogre Warper)                   Turns: 2136, Time: 00:02:15

Health: -1/46      AC:  4    Str: 15    XL:     4   Next: 1%
Magic:  8/8        EV:  9    Int: 16    God:
Gold:   135        SH:  5    Dex:  8    Spells: 9/9 levels left

rFire   . . .        a - +0 mace
rCold   . . .        (no shield)
rNeg    . . .        b - +0 robe
rPois   .            (helmet restricted)
rElec   .            k - +0 cloak
rCorr   .            (gloves unavailable)
SInv    .            (boots unavailable)
Will    +....        e - amulet of reflection
Stlth   +            n - ring of willpower
HPRegen 0.27/turn    (no ring)
MPRegen 0.11/turn

%: reflection
@: attractive
A: large, unfitting armour, tough skin 1
a: no special abilities


You were on level 3 of the Dungeon.
You visited 1 branch of the dungeon, and saw 3 of its levels.

You collected 135 gold pieces.

Inventory:

Hand Weapons
 a - a +0 mace (weapon)
Missiles
 d - 7 boomerangs of dispersal (quivered)
Armour
 b - a +0 robe (worn)
 k - a +0 cloak (worn)
Jewellery
 e - an amulet of reflection (around neck)
 m - a ring of flight
 n - a ring of willpower (left hand)
Scrolls
 f - 2 scrolls of amnesia {unknown}
 g - a scroll of fog {unknown}
 h - 2 scrolls of enchant weapon {unknown}
 i - a scroll of vulnerability {unknown}
 j - a scroll of magic mapping {unknown}


   Skills:
 + Level 3.6 Fighting
 + Level 2.3 Maces & Flails
 - Level 1.0 Throwing
 - Level 2.1 Dodging
 + Level 3.1 Spellcasting
 + Level 3.1 Translocations


You had 9 spell levels left.
You didn't know any spells.
Your spell library contained the following spells:

 Spells                   Type           Power      Damage    Failure   Level
 Blink                    Tloc           24%        N/A       8%          2
 Lesser Beckoning         Tloc           24%        N/A       8%          2
 Teleport Other           Tloc           12%        N/A       16%         3
 Sublimation of Blood     Necr           2%         N/A       28%         2
 Wereblood                Tmut           2%         N/A       28%         2
 Vhi's Electric Charge    Tloc/Air       14%        N/A       28%         3
 Manifold Assault         Tloc           12%        N/A       45%         4
 Summon Hydra             Summ           1%         N/A       100%        7


Dungeon Overview and Level Annotations

Branches:
Dungeon (3/15) Zot: 15829

Altars:
Fedhas

Shops:
D:3 :

Annotations:
D:3 Terence


Innate Abilities, Weirdness & Mutations

You are too large for most types of armour.
You have tough skin. (AC +1)


Message History

You hit Terence.
Terence is moderately wounded.
Terence hits you with a +0 flail.
You hit Terence but do no damage.
Terence is moderately wounded.
Terence hits you with a +0 flail! Terence barely misses you.
You barely miss Terence.
Terence is moderately wounded.
Terence completely misses you.
You hit Terence but do no damage.
Terence is moderately wounded.
Terence hits you with a +0 flail!
You barely miss Terence.
Terence is moderately wounded.
Terence barely misses you.
You hit Terence but do no damage.
Terence is moderately wounded.
Terence hits you with a +0 flail! Terence hits you with a +0 flail.
* * * LOW HITPOINT WARNING * * *
You hit Terence.
Terence is moderately wounded.
Terence hits you with a +0 flail.
* * * LOW HITPOINT WARNING * * *
You barely miss Terence.
Terence is moderately wounded.
Terence barely misses you.
You hit Terence but do no damage.
Terence is moderately wounded.
Terence closely misses you. Terence hits you with a +0 flail.
* * * LOW HITPOINT WARNING * * *
Okay, then.
Blink to where?
Press: ? - help, Dir - move target
As you read the scroll of blinking, it crumbles to dust.
Terence is attracted toward you. Terence is attracted toward you.
You hit Terence but do no damage.
Terence is moderately wounded.
Terence hits you with a +0 flail!
You die...

...#..?......# #.....
#.#.# ##.#..
#.#§#.###### #
.#..##.....@....#
#.......#.####§#####
#.>......##....>..#
##.##+#########.#.###.#
...# #.#@# #.# ###..
#.@.# #.# ##..## #.# #
####...####.# +
+...........# #
####.>.###### ##..#
##.# #.# #+# #.#


You could see Terence.

Vanquished Creatures
  2 adders
  A dart slug (D:1)
  3 orcs (D:3)
  6 ball pythons
  An endoplasm (D:1)
  A giant cockroach (D:2)
  4 hobgoblins
  4 quokkas
  A bat (D:1)
  2 frilled lizards (D:1)
  8 kobolds
  2 rats
35 creatures vanquished.

Notes
Turn   | Place    | Note
-------+----------+-------------------------------------------
     0 | D:1      | Zeldest the Ogre Warper began the quest for the Orb.
     0 | D:1      | Reached XP level 1. HP: 22/22 MP: 3/3
   151 | D:1      | Reached XP level 2. HP: 20/31 MP: 5/5
   760 | D:2      | Reached XP level 3. HP: 37/37 MP: 7/7
   809 | D:2      | Found a blossoming altar of Fedhas.
  1825 | D:3      | Reached XP level 4. HP: 43/46 MP: 8/8
  1831 | D:3      | Found Ylul's Book Shop.
  2115 | D:3      | Noticed Terence
  2136 | D:3      | Slain by Terence

Illustrated notes

Levels and vault maps discovered:
D:1:      amcnicky_arrival_double_pillar, layout_loops_cross
D:2:      layout_basic, basic_altar, nicolae_kite_square_tiling_tiny
D:3:      layout_loops_corners, lemuel_crystal_altar, serial_shops, shop,
          minmay_misc_feat_plants, uniq_terence

Skill      XL: |  1  2  3 |
---------------+----------+-----
Fighting       | 3 |  3.6
Maces & Flails | 2 |  2.3
Translocations | 3 |  3.1
Spellcasting   | 3 |  3.1
Throwing       | |  1.0
Dodging        | |  2.1

Action                     |  1- 3 |  4- 6 || total
---------------------------+-------+-------++-------
  Melee: Mace              |    99 |    18 ||   117
         Punch             |     1 |       ||     1
    Use: Potion            |     1 |     1 ||     2
         Scroll            |       |     1 ||     1
 Armour: Robe              |    31 |     1 ||    32
  Dodge: Dodged            |    50 |    10 ||    60
  Block: Other             |       |     3 ||     3

Table legend: (Time is in decaauts)
 A = Elapsed time spent in this place.
 B = Non-inter-level travel time spent in this place.
 C = Inter-level travel time spent in this place.
 D = Time resting spent in this place.
 E = Time spent auto-exploring this place.
 F = Levels seen in this place.
 G = Mean time per level.
                   A        B        C        D        E       F      G
               +--------+--------+--------+--------+--------+-----+--------+
         Total |   2169 |   2100 |     69 |    200 |   1595 |   3 |  723.0 |
       Dungeon |   2169 |   2100 |     69 |    200 |   1595 |   3 |  723.0 |
               +--------+--------+--------+--------+--------+-----+--------+

Top non-repeatable levels by time:
     D:2: 770 daAuts
     D:1: 702 daAuts
     D:3: 695 daAuts
